Americans vs Roadrunners

Created - Wednesday, February 26, 2025 at 22:47

Goals
1 2 3 T
Americans 3 1 0 4
Roadrunners 1 1 0 2
Shots
1 2 3 T
Americans 18 15 15 48
Roadrunners 11 3 3 17

1st period

1. Americans , Thomas Bordeleau 43 (Nikita Alexandrov 39) at 1:15 (PP)
2. Roadrunners , Jeff Malott 25 (Philip Kemp 23, Maksymilian Szuber 11) at 4:49
3. Americans , Carter Mazur 31 (Dennis Cholowski 30, Joakim Kemell 35) at 11:19 (PP)
4. Americans , Samuel Houde 3 (Henry Thrun 44, Thomas Bordeleau 45) at 16:18 (PP)

Penalties :
Clark Bishop (TUS) for Tripping (Minor) at 0:05, Maksymilian Szuber (TUS) for Interference (Minor) at 8:23, Ryker Evans (TUS) for Cross-checking (Minor) at 9:02, Samuel Houde (RCH) for Tripping (Minor) at 9:02, Jack Ahcan (TUS) for Slashing (Minor) at 9:26, Michael Vukojevic (RCH) for Tripping (Minor) at 11:36, Philip Kemp (TUS) for Tripping (Minor) at 15:58

2nd period

5. Roadrunners , Joona Koppanen 8 (Oskar Steen 34, Dylan Coghlan 40) at 9:29
6. Americans , Carter Mazur 32 (Ian Mitchell 14, Nikita Alexandrov 40) at 9:48

Penalties :
Philip Kemp (TUS) for Goalie Interference (Minor) at 2:19, Philip Kemp (TUS) for Slashing (Minor) at 4:34, Jack Ahcan (TUS) for Holding (Minor) at 14:55, Michael Vukojevic (RCH) for Slashing (Minor) at 17:44, Hunter Drew (TUS) for Slashing (Minor) at 19:51, Robin Salo (RCH) for Delaying the game (Minor) at 19:51

3rd period

No Goal

Penalties :
Dmitri Samorukov (TUS) for Tripping (Minor) at 2:27, Dennis Cholowski (RCH) for Tripping (Minor) at 9:20, Dennis Cholowski (RCH) for Slashing (Minor) at 11:56, Jeff Malott (TUS) for Goalie Interference (Minor) at 15:22, Dmitri Samorukov (TUS) for Roughing (Minor) at 17:15

Goalie Stats

Trent Miner (RCH), 15 saves from 17 shots - (0.882), W, 29-11-6, 60:00 minutes
Brandon Halverson (TUS), 44 saves from 48 shots - (0.917), L, 8-5-2, 60:00 minutes

Players Stats for Americans

Player Name              G  A  P  +/- PIM S  H  SB GA TA FO     MP     PP MP  PK MP  
------------------------------------------------------------------------------------
Alex Turcotte            0  0  0  -1  0   2  1  0  0  0  16/28  16:54   7:10   0:00 
Carter Mazur             2  0  2   1  0   8  0  0  0  0  2/2    19:40   7:10   0:00 
Dennis Cholowski         0  1  1  -2  4   2  1  0  0  0  0/0    22:10   7:31   1:58 
Henry Thrun              0  1  1   1  0   5  2  3  0  0  0/0    23:09   7:40   4:19 
Ian Mitchell             0  1  1   1  0   0  0  0  0  0  0/0    16:16   0:00   3:55 
Ivan Ivan                0  0  0  -1  0   1  0  1  0  0  14/22  15:05   0:00   4:02 
Jack Thompson            0  0  0   0  0   1  2  0  0  0  0/0    15:48   0:00   4:23 
Joakim Kemell            0  1  1   1  0   2  2  0  0  0  0/0    18:06   7:10   0:00 
Jonathan Gruden          0  0  0   0  0   0  1  0  0  0  0/0     6:58   0:20   1:28 
Josh Anderson            0  0  0  -1  0   7  1  1  0  0  8/14   22:18   7:40   0:00 
Kristian Reichel         0  0  0  -1  0   1  2  1  0  0  0/1    15:20   0:00   4:17 
Martin Chromiak          0  0  0   0  0   0  0  0  0  0  0/2     7:21   0:00   2:11 
Michael Vukojevic        0  0  0   0  4   2  1  0  0  0  0/0    13:41   0:00   1:17 
Nikita Alexandrov        0  2  2   1  0   6  3  0  0  0  5/19   17:19   6:23   0:00 
Robin Salo               0  0  0  -2  2   0  0  0  0  0  0/0    18:22   7:31   0:00 
Samuel Houde             1  0  1   0  2   3  0  1  0  0  4/4     2:21   1:37   0:44 
Sheldon Rempal           0  0  0  -1  0   3  0  0  0  0  0/0    16:14   8:01   0:00 
Thomas Bordeleau         1  1  2  -1  0   5  0  0  0  0  6/7    21:54   7:41   3:10 

Players Stats for Roadrunners

Player Name              G  A  P  +/- PIM S  H  SB GA TA FO     MP     PP MP  PK MP  
------------------------------------------------------------------------------------
Clark Bishop             0  0  0  -1  2   0  3  1  0  0  5/7    13:56   4:00   4:35 
Dmitri Samorukov         0  0  0  -1  4   0  2  2  0  0  0/0    21:00   3:49   6:09 
Dylan Coghlan            0  1  1   1  0   0  1  0  0  0  0/0    24:29   3:52   7:04 
Gavin White              0  0  0   0  0   0  0  0  0  0  0/0     0:03   0:00   0:03 
Hunter Drew              0  0  0   1  2   3  1  0  0  0  0/0    14:49   0:15   1:23 
Jack Ahcan               0  0  0  -1  4   0  2  3  0  0  0/0    20:43   3:49   5:52 
Jared Davidson           0  0  0   0  0   1  0  0  0  0  0/1     0:23   0:15   0:00 
Jeff Malott              1  0  1   1  2   4  4  0  0  0  1/1    13:11   0:00   0:00 
Joona Koppanen           1  0  1   1  0   1  1  0  0  0  0/0    15:04   3:41   0:00 
Lane Pederson            0  0  0  -1  0   1  1  0  0  0  16/35  23:54   4:00   9:31 
Maksymilian Szuber       0  1  1   1  2   0  0  0  0  0  0/0    12:26   0:15   0:58 
Matthew Maggio           0  0  0   1  0   1  0  0  0  0  0/1    15:04   3:41   0:00 
Oskar Steen              0  1  1   1  0   1  3  3  0  0  6/21   20:48   3:41   5:00 
Philip Kemp              0  1  1   1  6   1  1  1  0  0  0/0    15:03   0:00   3:52 
Roman Ahcan              0  0  0   1  0   2  0  2  0  0  8/19   14:02   0:15   0:27 
Ryker Evans              0  0  0   1  2   2  1  3  0  0  0/0    24:44   4:07   7:04 
Samuel Asselin           0  0  0   0  0   0  0  1  0  0  6/12    7:06   0:00   2:28 
Trey Fix-Wolansky        0  0  0  -1  0   0  0  0  0  0  2/2    22:45   4:00   8:22 

3 Stars

1 - Carter Mazur (RCH)
2 - Nikita Alexandrov (RCH)
3 - Thomas Bordeleau (RCH)

Power Play

Americans - 3 on 10 Attempt(s) - 30.00%
Roadrunners - 0 on 4 Attempt(s) - 0.00%

Penalty Kill

Americans - 4 on 4 Attempt(s) - 100.00% - Score 0 goal in Penalty Kill
Roadrunners - 7 on 10 Attempt(s) - 70.00% - Score 0 goal in Penalty Kill

Team Stat

Americans - Hits : 16 - Faceoff Wins : 55 - Blocked Shots : 7 - Penalty Minutes : 12
Roadrunners - Hits : 20 - Faceoff Wins : 44 - Blocked Shots : 16 - Penalty Minutes : 24

Official

Referees : Dan O'Rourke and Peter Macdougall
Linesman : Ryan Gibbons and Trent Knorr

Game Notes

No Game Note

Finance

Level 1 -- Attendance: 1878 (93.90%) -- Ticket Income $65,730
Level 2 -- Attendance: 931 (93.10%) -- Ticket Income $13,965
Total Attendance: 2809 (93.63%)
Total Ticket Income: $79,695
Other Income: $39,051
Total Income: $118,746

Americans

5 vs 5 Forward 
   Center                   Left Wing                Right Wing               Time % Phy DF OF 
 1 Alex Turcotte            Sheldon Rempal           Josh Anderson            31     1   1  3  
 2 Nikita Alexandrov        Carter Mazur             Joakim Kemell            30     0   1  4  
 3 Ivan Ivan                Thomas Bordeleau         Kristian Reichel         27     2   1  2  
 4 Josh Anderson            Jonathan Gruden          Martin Chromiak          12     2   2  1  

5 vs 5 Defense 
   Defense                  Defense                                           Time % Phy DF OF 
 1 Henry Thrun              Ian Mitchell                                      32     1   2  2  
 2 Dennis Cholowski         Robin Salo                                        30     1   2  2  
 3 Michael Vukojevic        Jack Thompson                                     28     2   2  1  
 4 Dennis Cholowski         Ian Mitchell                                      10     2   1  2  

PowerPlay Forward 
   Center                   Left Wing                Right Wing               Time % Phy DF OF 
 1 Alex Turcotte            Carter Mazur             Joakim Kemell            60     1   0  4  
 2 Nikita Alexandrov        Thomas Bordeleau         Sheldon Rempal           40     1   0  4  

PowerPlay Defense
   Defense                  Defense                                           Time % Phy DF OF 
 1 Henry Thrun              Josh Anderson                                     60     1   1  3  
 2 Robin Salo               Dennis Cholowski                                  40     1   1  3  

Penalty Kill 4 Players Forward 
   Center                   Wing                     Time % Phy DF OF 
 1 Ivan Ivan                Kristian Reichel         60     2   2  1  
 2 Thomas Bordeleau         Martin Chromiak          40     2   2  1  

Penalty Kill 4 Players Defense
   Defense                  Defense                  Time % Phy DF OF 
 1 Dennis Cholowski         Henry Thrun              60     2   3  0  
 2 Michael Vukojevic        Ian Mitchell             40     2   3  0  

Penalty Kill - 3 Players Forward 
   Forward                                           Time % Phy DF OF 
 1 Ivan Ivan                                         60     2   2  1  
 2 Thomas Bordeleau                                  40     2   2  1  

Penalty Kill - 3 Players Defense
   Defense                  Defense                  Time % Phy DF OF 
 1 Dennis Cholowski         Henry Thrun              60     2   3  0  
 2 Michael Vukojevic        Ian Mitchell             40     2   3  0  

4 vs 4 Forward 
   Center                   Wing                     Time % Phy DF OF 
 1 Alex Turcotte            Carter Mazur             60     1   0  4  
 2 Nikita Alexandrov        Joakim Kemell            40     1   0  4  

4 vs 4 Defense
   Defense                  Defense                  Time % Phy DF OF 
 1 Robin Salo               Josh Anderson            60     1   1  3  
 2 Sheldon Rempal           Dennis Cholowski         40     1   1  3  

Last Minutes Offensive
   Center                   Left Wing                Right Wing               Defense                  Defense                  
   Alex Turcotte            Josh Anderson            Joakim Kemell            Henry Thrun              Ian Mitchell             

Last Minutes Defensive
   Center                   Left Wing                Right Wing               Defense                  Defense                  
   Thomas Bordeleau         Sheldon Rempal           Kristian Reichel         Dennis Cholowski         Ian Mitchell             

Goaltenders
Starting : Trent Miner              
Backup : Hunter Jones             

Extra Forwards
Normal : Joakim Kemell, Josh Anderson, Sheldon Rempal - PP : Sheldon Rempal, Joakim Kemell - PK : Thomas Bordeleau
Extra Defensemen
Normal : Michael Vukojevic, Henry Thrun, Ian Mitchell - PP : Robin Salo - PK : Henry Thrun, Ian Mitchell
Penalty Shots
Joakim Kemell, Carter Mazur, Sheldon Rempal, Kristian Reichel, Ivan Ivan
Custom OT Lines Forwards
Alex Turcotte, Josh Anderson, Thomas Bordeleau, Joakim Kemell, Nikita Alexandrov, Carter Mazur, Ivan Ivan, Sheldon Rempal, Martin Chromiak, Kristian Reichel
Custom OT Lines Defensemen
Henry Thrun, Ian Mitchell, Dennis Cholowski, Michael Vukojevic, Robin Salo

Scratches
Mattias Norlinder (Healthy), Jason Polin (Healthy), David Spacek (Healthy), Jakub Demek (Healthy), Amadeus Lombardi (Healthy)
Maxim Cajkovic (Healthy), Robert Mastrosimone (Healthy), Libor Hajek (Healthy), Xavier Parent (Healthy), Travis Mitchell (Healthy)
Josiah Slavin (Healthy), Hunter Skinner (Right Hip Injury), Oskari Salminen (Healthy), Strauss Mann (Healthy), Jacob Ingham (Healthy)
Adam Scheel (Healthy)

Roadrunners

5 vs 5 Forward 
   Center                   Left Wing                Right Wing               Time % Phy DF OF 
 1 Lane Pederson            Clark Bishop             Trey Fix-Wolansky        25     1   2  2  
 2 Oskar Steen              Joona Koppanen           Matthew Maggio           25     1   2  2  
 3 Roman Ahcan              Jeff Malott              Hunter Drew              25     1   2  2  
 4 Samuel Asselin           Lane Pederson            Trey Fix-Wolansky        25     1   2  2  

5 vs 5 Defense 
   Defense                  Defense                                           Time % Phy DF OF 
 1 Ryker Evans              Dylan Coghlan                                     25     1   2  2  
 2 Jack Ahcan               Dmitri Samorukov                                  25     1   2  2  
 3 Maksymilian Szuber       Philip Kemp                                       25     1   2  2  
 4 Ryker Evans              Dylan Coghlan                                     25     1   2  2  

PowerPlay Forward 
   Center                   Left Wing                Right Wing               Time % Phy DF OF 
 1 Lane Pederson            Clark Bishop             Trey Fix-Wolansky        60     1   2  2  
 2 Oskar Steen              Joona Koppanen           Matthew Maggio           40     1   2  2  

PowerPlay Defense
   Defense                  Defense                                           Time % Phy DF OF 
 1 Ryker Evans              Dylan Coghlan                                     60     1   2  2  
 2 Jack Ahcan               Dmitri Samorukov                                  40     1   2  2  

Penalty Kill 4 Players Forward 
   Center                   Wing                     Time % Phy DF OF 
 1 Lane Pederson            Trey Fix-Wolansky        60     1   2  2  
 2 Clark Bishop             Oskar Steen              40     1   2  2  

Penalty Kill 4 Players Defense
   Defense                  Defense                  Time % Phy DF OF 
 1 Ryker Evans              Dylan Coghlan            60     1   2  2  
 2 Jack Ahcan               Dmitri Samorukov         40     1   2  2  

Penalty Kill - 3 Players Forward 
   Forward                                           Time % Phy DF OF 
 1 Lane Pederson                                     60     1   2  2  
 2 Trey Fix-Wolansky                                 40     1   2  2  

Penalty Kill - 3 Players Defense
   Defense                  Defense                  Time % Phy DF OF 
 1 Ryker Evans              Dylan Coghlan            60     1   2  2  
 2 Jack Ahcan               Dmitri Samorukov         40     1   2  2  

4 vs 4 Forward 
   Center                   Wing                     Time % Phy DF OF 
 1 Lane Pederson            Trey Fix-Wolansky        60     1   2  2  
 2 Clark Bishop             Oskar Steen              40     1   2  2  

4 vs 4 Defense
   Defense                  Defense                  Time % Phy DF OF 
 1 Ryker Evans              Dylan Coghlan            60     1   2  2  
 2 Jack Ahcan               Dmitri Samorukov         40     1   2  2  

Last Minutes Offensive
   Center                   Left Wing                Right Wing               Defense                  Defense                  
   Lane Pederson            Clark Bishop             Trey Fix-Wolansky        Ryker Evans              Dylan Coghlan            

Last Minutes Defensive
   Center                   Left Wing                Right Wing               Defense                  Defense                  
   Lane Pederson            Clark Bishop             Trey Fix-Wolansky        Ryker Evans              Dylan Coghlan            

Goaltenders
Starting : Brandon Halverson        
Backup : Mads Sogaard             

Extra Forwards
Normal : Jared Davidson, Roman Ahcan, Samuel Asselin - PP : Jared Davidson, Roman Ahcan - PK : Samuel Asselin
Extra Defensemen
Normal : Maksymilian Szuber, Philip Kemp, Hunter Drew - PP : Maksymilian Szuber - PK : Philip Kemp, Hunter Drew
Penalty Shots
Lane Pederson, Trey Fix-Wolansky, Clark Bishop, Oskar Steen, Matthew Maggio
Custom OT Lines Forwards
Lane Pederson, Trey Fix-Wolansky, Clark Bishop, Oskar Steen, Matthew Maggio, Joona Koppanen, Hunter Drew, Roman Ahcan, Samuel Asselin, Jared Davidson
Custom OT Lines Defensemen
Ryker Evans, Dylan Coghlan, Jack Ahcan, Dmitri Samorukov, Maksymilian Szuber

Scratches
Max Ellis (Healthy), Jakub Brabenec (Healthy), Daylan Kuefler (Healthy), Carl Berglund (Healthy), Wyatt Newpower (Healthy)

% Time on Ice - Americans

Lines # - Real PCT - Wanted PCT - Time Play
Normal Forward
1 - 22% - 31% - 7:26
2 - 30% - 30% - 10:12
3 - 33% - 27% - 11:03
4 - 15% - 12% - 5:10
Normal Defense
1 - 32% - 32% - 10:43
2 - 30% - 30% - 10:05
3 - 34% - 28% - 11:25
4 - 5% - 10% - 1:38
PP Forward
1 - 47% - 60% - 7:10
2 - 53% - 40% - 8:01
PP Defense
1 - 50% - 60% - 7:40
2 - 50% - 40% - 7:31
PK Forward
1 - 72% - 60% - 5:45
2 - 28% - 40% - 2:11
PK Defense
1 - 59% - 60% - 4:39
2 - 41% - 40% - 3:17
PK3 Forward
1 - 0% - 60%
2 - 0% - 40%
PK3 Defense
1 - 0% - 60%
2 - 0% - 40%
44 Forward
1 - 76% - 60% - 2:18
2 - 24% - 40% - 0:44
44 Defense
1 - 67% - 60% - 2:02
2 - 33% - 40% - 1:00
Last Minute Offensive  - 0:00
Last Minute Defensive  - 0:00
Total
Forward - 60:00
Defense - 60:00

% Time on Ice - Roadrunners

Lines # - Real PCT - Wanted PCT - Time Play
Normal Forward
1 - 14% - 25% - 4:38
2 - 34% - 25% - 11:23
3 - 39% - 25% - 13:12
4 - 14% - 25% - 4:38
Normal Defense
1 - 18% - 25% - 6:10
2 - 30% - 25% - 10:19
3 - 33% - 25% - 11:14
4 - 18% - 25% - 6:08
PP Forward
1 - 54% - 60% - 4:15
2 - 46% - 40% - 3:41
PP Defense
1 - 52% - 60% - 4:07
2 - 48% - 40% - 3:49
PK Forward
1 - 65% - 60% - 9:09
2 - 35% - 40% - 5:00
PK Defense
1 - 49% - 60% - 6:52
2 - 51% - 40% - 7:17
PK3 Forward
1 - 78% - 60% - 1:38
2 - 22% - 40% - 0:27
PK3 Defense
1 - 34% - 60% - 0:43
2 - 66% - 40% - 1:22
44 Forward
1 - 63% - 60% - 1:15
2 - 37% - 40% - 0:44
44 Defense
1 - 63% - 60% - 1:15
2 - 37% - 40% - 0:44
Last Minute Offensive  - 0:00
Last Minute Defensive  - 0:00
Total
Forward - 60:00
Defense - 60:00

Play-by-Play

1st period


0:01 of 1st period - Lane Pederson wins face-off versus Alex Turcotte in neutral zone.
0:05 of 1st period - Minor Penalty to Clark Bishop for Tripping.
0:06 of 1st period - Alex Turcotte wins face-off versus Lane Pederson in Roadrunners zone.
0:06 of 1st period - Alex Turcotte is hit by Ryker Evans.
0:12 of 1st period - Shot by Henry Thrun.
0:12 of 1st period - Deflect By Alex Turcotte.
0:12 of 1st period - Shot Misses the Net.
0:18 of 1st period - Shot by Henry Thrun.
0:18 of 1st period - Deflect By Carter Mazur.
0:18 of 1st period - Shot Misses the Net.
0:20 of 1st period - Shot by Henry Thrun.
0:20 of 1st period - Shot Blocked by Ryker Evans.
0:22 of 1st period - Shot by Henry Thrun.
0:22 of 1st period - Deflect By Joakim Kemell.
0:22 of 1st period - Shot Misses the Net.
0:24 of 1st period - Shot by Henry Thrun.
0:24 of 1st period - Stopped by Brandon Halverson with a rebound.
1:09 of 1st period - Icing by Nikita Alexandrov.
1:10 of 1st period - Nikita Alexandrov wins face-off versus Samuel Asselin in Americans zone.
1:15 of 1st period - Shot by Thomas Bordeleau.
1:15 of 1st period - Goal by Thomas Bordeleau - Americans : 1 - Roadrunners : 0.
1:16 of 1st period - Ivan Ivan wins face-off versus Roman Ahcan in neutral zone.
1:21 of 1st period - Shot by Thomas Bordeleau.
1:21 of 1st period - Shot Blocked by Roman Ahcan.
1:26 of 1st period - Off-side.
1:27 of 1st period - Josh Anderson wins face-off versus Oskar Steen in neutral zone.
1:58 of 1st period - Icing by Jack Ahcan.
1:59 of 1st period - Oskar Steen wins face-off versus Nikita Alexandrov in Roadrunners zone.
1:59 of 1st period - Oskar Steen is hit by Nikita Alexandrov.
3:12 of 1st period - Shot by Jeff Malott.
3:12 of 1st period - Shot Misses the Net.
3:14 of 1st period - Shot by Hunter Drew.
3:14 of 1st period - Stopped by Trent Miner without a rebound.
3:15 of 1st period - Alex Turcotte wins face-off versus Roman Ahcan in Americans zone.
3:28 of 1st period - Shot by Jeff Malott.
3:28 of 1st period - Stopped by Trent Miner without a rebound.
3:29 of 1st period - Ivan Ivan wins face-off versus Oskar Steen in Americans zone.
3:29 of 1st period - Ivan Ivan is hit by Joona Koppanen.
3:45 of 1st period - Oskar Steen is hit by Kristian Reichel and loses puck.
3:55 of 1st period - Icing by Jack Thompson.
3:56 of 1st period - Thomas Bordeleau wins face-off versus Lane Pederson in Americans zone.
4:12 of 1st period - Shot by Thomas Bordeleau.
4:12 of 1st period - Stopped by Brandon Halverson without a rebound.
4:13 of 1st period - Alex Turcotte wins face-off versus Roman Ahcan in Roadrunners zone.
4:49 of 1st period - Shot by Jeff Malott.
4:49 of 1st period - Goal by Jeff Malott - Americans : 1 - Roadrunners : 1.
4:50 of 1st period - Lane Pederson wins face-off versus Nikita Alexandrov in neutral zone.
4:52 of 1st period - Trey Fix-Wolansky is hit by Henry Thrun and loses puck.
5:01 of 1st period - Henry Thrun is hit by Clark Bishop and loses puck.
5:17 of 1st period - Henry Thrun is hit by Clark Bishop and loses puck.
6:31 of 1st period - Alex Turcotte is hit by Dmitri Samorukov and loses puck.
6:34 of 1st period - Shot by Dennis Cholowski.
6:34 of 1st period - Shot Misses the Net.
7:11 of 1st period - Off-side.
7:12 of 1st period - Carter Mazur wins face-off versus Lane Pederson in neutral zone.
8:04 of 1st period - Shot by Jeff Malott.
8:04 of 1st period - Deflect By Roman Ahcan.
8:04 of 1st period - Stopped by Trent Miner with a rebound.
8:06 of 1st period - Shot by Philip Kemp.
8:06 of 1st period - Stopped by Trent Miner without a rebound.
8:07 of 1st period - Roman Ahcan wins face-off versus Ivan Ivan in Americans zone.
8:08 of 1st period - Shot by Hunter Drew.
8:08 of 1st period - Stopped by Trent Miner without a rebound.
8:09 of 1st period - Ivan Ivan wins face-off versus Roman Ahcan in Americans zone.
8:09 of 1st period - Kristian Reichel is hit by Jeff Malott and loses puck.
8:23 of 1st period - Minor Penalty to Maksymilian Szuber for Interference.
8:24 of 1st period - Samuel Houde wins face-off versus Lane Pederson in Roadrunners zone.
8:33 of 1st period - Shot by Dennis Cholowski.
8:33 of 1st period - Shot Misses the Net.
8:41 of 1st period - Shot by Samuel Houde.
8:41 of 1st period - Deflect By Thomas Bordeleau.
8:41 of 1st period - Shot Misses the Net.
8:45 of 1st period - Shot by Sheldon Rempal.
8:45 of 1st period - Stopped by Brandon Halverson with a rebound.
8:47 of 1st period - Shot by Sheldon Rempal.
8:47 of 1st period - Shot Misses the Net.
8:49 of 1st period - Shot by Thomas Bordeleau.
8:49 of 1st period - Shot Misses the Net.
8:51 of 1st period - Shot by Thomas Bordeleau.
8:51 of 1st period - Shot Hit the Post.
8:55 of 1st period - Shot by Samuel Houde.
8:55 of 1st period - Stopped by Brandon Halverson with a rebound.
8:57 of 1st period - Shot by Dennis Cholowski.
8:57 of 1st period - Shot Misses the Net.
9:02 of 1st period - Minor Penalty to Ryker Evans for Cross-checking.
9:02 of 1st period - Minor Penalty to Samuel Houde for Tripping.
9:03 of 1st period - Alex Turcotte wins face-off versus Lane Pederson in Roadrunners zone.
9:17 of 1st period - Shot by Carter Mazur.
9:17 of 1st period - Stopped by Brandon Halverson with a rebound.
9:19 of 1st period - Shot by Josh Anderson.
9:19 of 1st period - Shot Misses the Net.
9:21 of 1st period - Shot by Alex Turcotte.
9:21 of 1st period - Shot Misses the Net.
9:23 of 1st period - Shot by Josh Anderson.
9:23 of 1st period - Stopped by Brandon Halverson without a rebound.
9:24 of 1st period - Alex Turcotte wins face-off versus Samuel Asselin in Roadrunners zone.
9:26 of 1st period - Minor Penalty to Jack Ahcan for Slashing.
9:27 of 1st period - Nikita Alexandrov wins face-off versus Samuel Asselin in Roadrunners zone.
10:15 of 1st period - Icing by Josh Anderson.
10:16 of 1st period - Lane Pederson wins face-off versus Nikita Alexandrov in Americans zone.
10:31 of 1st period - Shot by Alex Turcotte.
10:31 of 1st period - Shot Misses the Net.
10:33 of 1st period - Shot by Michael Vukojevic.
10:33 of 1st period - Stopped by Brandon Halverson with a rebound.
10:35 of 1st period - Shot by Carter Mazur.
10:35 of 1st period - Stopped by Brandon Halverson without a rebound.
10:36 of 1st period - Alex Turcotte wins face-off versus Lane Pederson in Roadrunners zone.
10:39 of 1st period - Shot by Alex Turcotte.
10:39 of 1st period - Stopped by Brandon Halverson with a rebound.
10:49 of 1st period - Carter Mazur is hit by Lane Pederson and loses puck.
10:58 of 1st period - Shot by Lane Pederson.
10:58 of 1st period - Shot Misses the Net.
11:05 of 1st period - Icing by Robin Salo.
11:06 of 1st period - Samuel Asselin wins face-off versus Alex Turcotte in Americans zone.
11:17 of 1st period - Shot by Dennis Cholowski.
11:17 of 1st period - Stopped by Brandon Halverson with a rebound.
11:19 of 1st period - Shot by Carter Mazur.
11:19 of 1st period - Goal by Carter Mazur - Americans : 2 - Roadrunners : 1.
11:20 of 1st period - Roman Ahcan wins face-off versus Ivan Ivan in neutral zone.
11:36 of 1st period - Minor Penalty to Michael Vukojevic for Tripping.
11:37 of 1st period - Ivan Ivan wins face-off versus Oskar Steen in Americans zone.
12:11 of 1st period - Shot by Ryker Evans.
12:11 of 1st period - Stopped by Trent Miner without a rebound.
12:12 of 1st period - Thomas Bordeleau wins face-off versus Lane Pederson in Americans zone.
13:16 of 1st period - Shot by Dylan Coghlan.
13:16 of 1st period - Shot Misses the Net.
13:18 of 1st period - Shot by Matthew Maggio.
13:18 of 1st period - Shot Misses the Net.
13:20 of 1st period - Shot by Ryker Evans.
13:20 of 1st period - Shot Misses the Net.
14:44 of 1st period - Icing by Sheldon Rempal.
14:45 of 1st period - Josh Anderson wins face-off versus Oskar Steen in Americans zone.
15:58 of 1st period - Minor Penalty to Philip Kemp for Tripping.
15:59 of 1st period - Samuel Houde wins face-off versus Lane Pederson in Roadrunners zone.
16:04 of 1st period - Shot by Thomas Bordeleau.
16:04 of 1st period - Shot Blocked by Jack Ahcan.
16:06 of 1st period - Shot by Henry Thrun.
16:06 of 1st period - Shot Misses the Net.
16:12 of 1st period - Shot by Henry Thrun.
16:12 of 1st period - Stopped by Brandon Halverson with a rebound.
16:14 of 1st period - Shot by Henry Thrun.
16:14 of 1st period - Shot Blocked by Jack Ahcan.
16:16 of 1st period - Shot by Henry Thrun.
16:16 of 1st period - Shot Misses the Net.
16:18 of 1st period - Shot by Samuel Houde.
16:18 of 1st period - Goal by Samuel Houde - Americans : 3 - Roadrunners : 1.
16:19 of 1st period - Roman Ahcan wins face-off versus Thomas Bordeleau in neutral zone.
16:26 of 1st period - Shot by Jeff Malott.
16:26 of 1st period - Shot Blocked by Henry Thrun.
16:28 of 1st period - Shot by Jeff Malott.
16:28 of 1st period - Stopped by Trent Miner with a rebound.
16:45 of 1st period - Icing by Ivan Ivan.
16:46 of 1st period - Ivan Ivan wins face-off versus Lane Pederson in Americans zone.
17:14 of 1st period - Icing by Henry Thrun.
17:15 of 1st period - Ivan Ivan wins face-off versus Roman Ahcan in Americans zone.
17:15 of 1st period - Ivan Ivan is hit by Hunter Drew.
17:18 of 1st period - Icing by Thomas Bordeleau.
17:19 of 1st period - Oskar Steen wins face-off versus Ivan Ivan in Americans zone.
17:47 of 1st period - Icing by Ryker Evans.
17:48 of 1st period - Josh Anderson wins face-off versus Oskar Steen in Roadrunners zone.
18:25 of 1st period - Shot by Josh Anderson.
18:25 of 1st period - Stopped by Brandon Halverson without a rebound.
18:26 of 1st period - Lane Pederson wins face-off versus Nikita Alexandrov in Roadrunners zone.
18:26 of 1st period - Clark Bishop is hit by Joakim Kemell and loses puck.
18:31 of 1st period - Shot by Joakim Kemell.
18:31 of 1st period - Shot Blocked by Clark Bishop.
18:33 of 1st period - Shot by Nikita Alexandrov.
18:33 of 1st period - Stopped by Brandon Halverson with a rebound.
18:39 of 1st period - Shot by Carter Mazur.
18:39 of 1st period - Stopped by Brandon Halverson without a rebound.
18:40 of 1st period - Roman Ahcan wins face-off versus Josh Anderson in Roadrunners zone.
18:46 of 1st period - Icing by Jeff Malott.
18:47 of 1st period - Roman Ahcan wins face-off versus Nikita Alexandrov in Roadrunners zone.
18:56 of 1st period - Shot by Jeff Malott.
18:56 of 1st period - Stopped by Trent Miner with a rebound.
19:13 of 1st period - Icing by Joakim Kemell.
19:14 of 1st period - Samuel Asselin wins face-off versus Nikita Alexandrov in Americans zone.
19:17 of 1st period - Shot by Lane Pederson.
19:17 of 1st period - Shot Misses the Net.
19:27 of 1st period - Shot by Nikita Alexandrov.
19:27 of 1st period - Stopped by Brandon Halverson without a rebound.
19:28 of 1st period - Alex Turcotte wins face-off versus Oskar Steen in Roadrunners zone.
19:44 of 1st period - Shot by Oskar Steen.
19:44 of 1st period - Stopped by Trent Miner without a rebound.
19:45 of 1st period - Lane Pederson wins face-off versus Ivan Ivan in Americans zone.
19:56 of 1st period - Shot by Trey Fix-Wolansky.
19:56 of 1st period - Shot Misses the Net.
19:58 of 1st period - Shot by Lane Pederson.
19:58 of 1st period - Stopped by Trent Miner without a rebound.
19:59 of 1st period - Jeff Malott wins face-off versus Alex Turcotte in Americans zone.
Goals for this period are 3 for Americans vs 1 for Roadrunners.
Shots for this period are 18 for Americans vs 11 for Roadrunners.

2nd period


0:01 of 2nd period - Samuel Asselin wins face-off versus Alex Turcotte in neutral zone.
0:26 of 2nd period - Shot by Josh Anderson.
0:26 of 2nd period - Shot Misses the Net.
1:00 of 2nd period - Jack Ahcan is hit by Nikita Alexandrov and loses puck.
1:53 of 2nd period - Shot by Kristian Reichel.
1:53 of 2nd period - Stopped by Brandon Halverson without a rebound.
1:54 of 2nd period - Oskar Steen wins face-off versus Josh Anderson in Roadrunners zone.
2:12 of 2nd period - Shot by Joona Koppanen.
2:12 of 2nd period - Shot Misses the Net.
2:19 of 2nd period - Minor Penalty to Philip Kemp for Goalie Interference.
2:20 of 2nd period - Lane Pederson wins face-off versus Alex Turcotte in Roadrunners zone.
2:33 of 2nd period - Shot by Carter Mazur.
2:33 of 2nd period - Stopped by Brandon Halverson without a rebound.
2:34 of 2nd period - Lane Pederson wins face-off versus Nikita Alexandrov in Roadrunners zone.
3:29 of 2nd period - Shot by Carter Mazur.
3:29 of 2nd period - Shot Misses the Net.
3:31 of 2nd period - Shot by Dennis Cholowski.
3:31 of 2nd period - Shot Blocked by Jack Ahcan.
3:33 of 2nd period - Shot by Joakim Kemell.
3:33 of 2nd period - Shot Misses the Net.
3:35 of 2nd period - Shot by Carter Mazur.
3:35 of 2nd period - Stopped by Brandon Halverson without a rebound.
3:36 of 2nd period - Clark Bishop wins face-off versus Alex Turcotte in Roadrunners zone.
3:49 of 2nd period - Dylan Coghlan is hit by Alex Turcotte and loses puck.
4:22 of 2nd period - Roman Ahcan is hit by Kristian Reichel and loses puck.
4:34 of 2nd period - Minor Penalty to Philip Kemp for Slashing.
4:35 of 2nd period - Lane Pederson wins face-off versus Nikita Alexandrov in Roadrunners zone.
5:50 of 2nd period - Roman Ahcan is hit by Joakim Kemell and loses puck.
6:07 of 2nd period - Shot by Thomas Bordeleau.
6:07 of 2nd period - Deflect By Sheldon Rempal.
6:07 of 2nd period - Shot Blocked by Oskar Steen.
6:13 of 2nd period - Shot by Josh Anderson.
6:13 of 2nd period - Stopped by Brandon Halverson without a rebound.
6:14 of 2nd period - Samuel Houde wins face-off versus Samuel Asselin in Roadrunners zone.
6:15 of 2nd period - Shot by Josh Anderson.
6:15 of 2nd period - Shot Misses the Net.
6:17 of 2nd period - Shot by Jonathan Gruden.
6:17 of 2nd period - Deflect By Sheldon Rempal.
6:17 of 2nd period - Shot Misses the Net.
6:19 of 2nd period - Shot by Jonathan Gruden.
6:19 of 2nd period - Shot Blocked by Dmitri Samorukov.
6:21 of 2nd period - Shot by Henry Thrun.
6:21 of 2nd period - Shot Blocked by Samuel Asselin.
6:23 of 2nd period - Shot by Henry Thrun.
6:23 of 2nd period - Shot Blocked by Dmitri Samorukov.
6:56 of 2nd period - Kristian Reichel is hit by Jeff Malott and loses puck.
7:03 of 2nd period - Shot by Roman Ahcan.
7:03 of 2nd period - Stopped by Trent Miner without a rebound.
7:04 of 2nd period - Josh Anderson wins face-off versus Oskar Steen in Americans zone.
7:15 of 2nd period - Shot by Matthew Maggio.
7:15 of 2nd period - Stopped by Trent Miner with a rebound.
7:49 of 2nd period - Lane Pederson is hit by Jonathan Gruden and loses puck.
8:08 of 2nd period - Shot by Nikita Alexandrov.
8:08 of 2nd period - Shot Misses the Net.
8:23 of 2nd period - Icing by Nikita Alexandrov.
8:24 of 2nd period - Nikita Alexandrov wins face-off versus Roman Ahcan in Americans zone.
8:46 of 2nd period - Icing by Dennis Cholowski.
8:47 of 2nd period - Ivan Ivan wins face-off versus Oskar Steen in Americans zone.
8:55 of 2nd period - Icing by Dylan Coghlan.
8:56 of 2nd period - Ivan Ivan wins face-off versus Oskar Steen in Roadrunners zone.
8:59 of 2nd period - Shot by Thomas Bordeleau.
8:59 of 2nd period - Shot Blocked by Ryker Evans.
9:27 of 2nd period - Shot by Oskar Steen.
9:27 of 2nd period - Shot Blocked by Ivan Ivan.
9:29 of 2nd period - Shot by Joona Koppanen.
9:29 of 2nd period - Goal by Joona Koppanen - Americans : 3 - Roadrunners : 2.
9:30 of 2nd period - Lane Pederson wins face-off versus Nikita Alexandrov in neutral zone.
9:48 of 2nd period - Shot by Carter Mazur.
9:48 of 2nd period - Goal by Carter Mazur - Americans : 4 - Roadrunners : 2.
9:49 of 2nd period - Alex Turcotte wins face-off versus Roman Ahcan in neutral zone.
9:55 of 2nd period - Shot by Alex Turcotte.
9:55 of 2nd period - Shot Blocked by Roman Ahcan.
9:57 of 2nd period - Shot by Josh Anderson.
9:57 of 2nd period - Deflect By Sheldon Rempal.
9:57 of 2nd period - Shot Misses the Net.
9:59 of 2nd period - Shot by Michael Vukojevic.
9:59 of 2nd period - Stopped by Brandon Halverson without a rebound.
10:00 of 2nd period - Samuel Asselin wins face-off versus Josh Anderson in Roadrunners zone.
10:17 of 2nd period - Shot by Josh Anderson.
10:17 of 2nd period - Stopped by Brandon Halverson without a rebound.
10:18 of 2nd period - Nikita Alexandrov wins face-off versus Oskar Steen in Roadrunners zone.
10:40 of 2nd period - Shot by Nikita Alexandrov.
10:40 of 2nd period - Shot Misses the Net.
11:22 of 2nd period - Shot by Josh Anderson.
11:22 of 2nd period - Stopped by Brandon Halverson without a rebound.
11:23 of 2nd period - Ivan Ivan wins face-off versus Lane Pederson in Roadrunners zone.
11:25 of 2nd period - Thomas Bordeleau is hit by Jack Ahcan and loses puck.
11:33 of 2nd period - Icing by Dmitri Samorukov.
11:34 of 2nd period - Lane Pederson wins face-off versus Martin Chromiak in Roadrunners zone.
12:41 of 2nd period - Shot by Thomas Bordeleau.
12:41 of 2nd period - Stopped by Brandon Halverson without a rebound.
12:42 of 2nd period - Roman Ahcan wins face-off versus Nikita Alexandrov in Roadrunners zone.
12:44 of 2nd period - Dylan Coghlan is hit by Nikita Alexandrov and loses puck.
12:49 of 2nd period - Shot by Joakim Kemell.
12:49 of 2nd period - Shot Misses the Net.
12:51 of 2nd period - Shot by Carter Mazur.
12:51 of 2nd period - Shot Blocked by Ryker Evans.
12:53 of 2nd period - Shot by Nikita Alexandrov.
12:53 of 2nd period - Stopped by Brandon Halverson without a rebound.
12:54 of 2nd period - Alex Turcotte wins face-off versus Oskar Steen in Roadrunners zone.
13:03 of 2nd period - Michael Vukojevic is hit by Oskar Steen and loses puck.
13:22 of 2nd period - Shot by Joona Koppanen.
13:22 of 2nd period - Shot Blocked by Josh Anderson.
14:28 of 2nd period - Ryker Evans is hit by Dennis Cholowski.
14:54 of 2nd period - Shot by Ivan Ivan.
14:54 of 2nd period - Stopped by Brandon Halverson without a rebound.
14:55 of 2nd period - Josh Anderson wins face-off versus Samuel Asselin in Roadrunners zone.
14:55 of 2nd period - Minor Penalty to Jack Ahcan for Holding.
14:56 of 2nd period - Alex Turcotte wins face-off versus Lane Pederson in Roadrunners zone.
15:59 of 2nd period - Icing by Thomas Bordeleau.
16:00 of 2nd period - Clark Bishop wins face-off versus Nikita Alexandrov in Americans zone.
16:31 of 2nd period - Shot by Josh Anderson.
16:31 of 2nd period - Stopped by Brandon Halverson without a rebound.
16:32 of 2nd period - Alex Turcotte wins face-off versus Lane Pederson in Roadrunners zone.
16:35 of 2nd period - Shot by Henry Thrun.
16:35 of 2nd period - Stopped by Brandon Halverson with a rebound.
16:37 of 2nd period - Shot by Joakim Kemell.
16:37 of 2nd period - Stopped by Brandon Halverson without a rebound.
16:38 of 2nd period - Clark Bishop wins face-off versus Alex Turcotte in Roadrunners zone.
16:47 of 2nd period - Shot by Henry Thrun.
16:47 of 2nd period - Stopped by Brandon Halverson without a rebound.
16:48 of 2nd period - Alex Turcotte wins face-off versus Clark Bishop in Roadrunners zone.
17:12 of 2nd period - Jeff Malott is hit by Michael Vukojevic and loses puck.
17:24 of 2nd period - Icing by Michael Vukojevic.
17:25 of 2nd period - Oskar Steen wins face-off versus Ivan Ivan in Americans zone.
17:44 of 2nd period - Minor Penalty to Michael Vukojevic for Slashing.
17:45 of 2nd period - Lane Pederson wins face-off versus Ivan Ivan in Americans zone.
17:54 of 2nd period - Icing by Clark Bishop.
17:55 of 2nd period - Trey Fix-Wolansky wins face-off versus Ivan Ivan in Roadrunners zone.
18:20 of 2nd period - Shot by Jack Ahcan.
18:20 of 2nd period - Shot Blocked by Henry Thrun.
19:07 of 2nd period - Ryker Evans is hit by Jack Thompson and loses puck.
19:10 of 2nd period - Shot by Dylan Coghlan.
19:10 of 2nd period - Shot Misses the Net.
19:12 of 2nd period - Shot by Oskar Steen.
19:12 of 2nd period - Shot Blocked by Samuel Houde.
19:51 of 2nd period - Minor Penalty to Hunter Drew for Slashing.
19:51 of 2nd period - Minor Penalty to Robin Salo for Delaying the game.
19:52 of 2nd period - Alex Turcotte wins face-off versus Jared Davidson in Americans zone.
Goals for this period are 1 for Americans vs 1 for Roadrunners.
Shots for this period are 15 for Americans vs 3 for Roadrunners.

3rd period


0:01 of 3rd period - Lane Pederson wins face-off versus Alex Turcotte in neutral zone.
1:03 of 3rd period - Shot by Nikita Alexandrov.
1:03 of 3rd period - Shot Misses the Net.
2:14 of 3rd period - Shot by Thomas Bordeleau.
2:14 of 3rd period - Stopped by Brandon Halverson without a rebound.
2:15 of 3rd period - Josh Anderson wins face-off versus Oskar Steen in Roadrunners zone.
2:18 of 3rd period - Shot by Josh Anderson.
2:18 of 3rd period - Stopped by Brandon Halverson without a rebound.
2:19 of 3rd period - Ivan Ivan wins face-off versus Roman Ahcan in Roadrunners zone.
2:25 of 3rd period - Icing by Jack Ahcan.
2:26 of 3rd period - Ivan Ivan wins face-off versus Roman Ahcan in Roadrunners zone.
2:26 of 3rd period - Ivan Ivan is hit by Dmitri Samorukov.
2:27 of 3rd period - Minor Penalty to Dmitri Samorukov for Tripping.
2:28 of 3rd period - Thomas Bordeleau wins face-off versus Lane Pederson in Roadrunners zone.
2:51 of 3rd period - Shot by Nikita Alexandrov.
2:51 of 3rd period - Stopped by Brandon Halverson without a rebound.
2:52 of 3rd period - Clark Bishop wins face-off versus Alex Turcotte in Roadrunners zone.
4:25 of 3rd period - Shot by Dennis Cholowski.
4:25 of 3rd period - Stopped by Brandon Halverson without a rebound.
4:26 of 3rd period - Thomas Bordeleau wins face-off versus Lane Pederson in Roadrunners zone.
4:54 of 3rd period - Off-side.
4:55 of 3rd period - Samuel Asselin wins face-off versus Josh Anderson in neutral zone.
5:04 of 3rd period - Icing by Jonathan Gruden.
5:05 of 3rd period - Josh Anderson wins face-off versus Matthew Maggio in Americans zone.
5:05 of 3rd period - Josh Anderson is hit by Oskar Steen.
5:21 of 3rd period - Shot by Josh Anderson.
5:21 of 3rd period - Shot Misses the Net.
5:54 of 3rd period - Shot by Jack Thompson.
5:54 of 3rd period - Stopped by Brandon Halverson without a rebound.
5:55 of 3rd period - Nikita Alexandrov wins face-off versus Samuel Asselin in Roadrunners zone.
6:17 of 3rd period - Shot by Nikita Alexandrov.
6:17 of 3rd period - Shot Misses the Net.
6:19 of 3rd period - Shot by Carter Mazur.
6:19 of 3rd period - Stopped by Brandon Halverson with a rebound.
6:29 of 3rd period - Shot by Nikita Alexandrov.
6:29 of 3rd period - Stopped by Brandon Halverson with a rebound.
6:54 of 3rd period - Icing by Ivan Ivan.
6:55 of 3rd period - Ivan Ivan wins face-off versus Roman Ahcan in Americans zone.
6:55 of 3rd period - Thomas Bordeleau is hit by Jeff Malott and loses puck.
6:59 of 3rd period - Icing by Henry Thrun.
7:00 of 3rd period - Ivan Ivan wins face-off versus Roman Ahcan in Americans zone.
7:04 of 3rd period - Thomas Bordeleau is hit by Jeff Malott and loses puck.
7:09 of 3rd period - Shot by Jeff Malott.
7:09 of 3rd period - Shot Blocked by Henry Thrun.
7:28 of 3rd period - Thomas Bordeleau is hit by Philip Kemp and loses puck.
7:57 of 3rd period - Henry Thrun is hit by Dylan Coghlan and loses puck.
8:36 of 3rd period - Shot by Alex Turcotte.
8:36 of 3rd period - Stopped by Brandon Halverson without a rebound.
8:37 of 3rd period - Carter Mazur wins face-off versus Lane Pederson in Roadrunners zone.
9:02 of 3rd period - Shot by Nikita Alexandrov.
9:02 of 3rd period - Stopped by Brandon Halverson without a rebound.
9:03 of 3rd period - Roman Ahcan wins face-off versus Josh Anderson in Roadrunners zone.
9:03 of 3rd period - Roman Ahcan is hit by Josh Anderson.
9:20 of 3rd period - Minor Penalty to Dennis Cholowski for Tripping.
9:21 of 3rd period - Oskar Steen wins face-off versus Ivan Ivan in Americans zone.
9:22 of 3rd period - Shot by Ryker Evans.
9:22 of 3rd period - Shot Hit the Post.
9:57 of 3rd period - Shot by Thomas Bordeleau.
9:57 of 3rd period - Shot Misses the Net.
11:14 of 3rd period - Shot by Jared Davidson.
11:14 of 3rd period - Stopped by Trent Miner without a rebound.
11:15 of 3rd period - Thomas Bordeleau wins face-off versus Lane Pederson in Americans zone.
11:15 of 3rd period - Thomas Bordeleau is hit by Clark Bishop.
11:47 of 3rd period - Shot by Joakim Kemell.
11:47 of 3rd period - Stopped by Brandon Halverson without a rebound.
11:48 of 3rd period - Alex Turcotte wins face-off versus Oskar Steen in Roadrunners zone.
11:56 of 3rd period - Minor Penalty to Dennis Cholowski for Slashing.
11:57 of 3rd period - Ivan Ivan wins face-off versus Lane Pederson in Americans zone.
12:15 of 3rd period - Shot by Ryker Evans.
12:15 of 3rd period - Stopped by Trent Miner without a rebound.
12:16 of 3rd period - Thomas Bordeleau wins face-off versus Oskar Steen in Americans zone.
12:51 of 3rd period - Shot by Joona Koppanen.
12:51 of 3rd period - Shot Misses the Net.
13:04 of 3rd period - Dmitri Samorukov is hit by Henry Thrun and loses puck.
13:36 of 3rd period - Icing by Ryker Evans.
13:37 of 3rd period - Lane Pederson wins face-off versus Kristian Reichel in Roadrunners zone.
13:44 of 3rd period - Ryker Evans is hit by Jack Thompson and loses puck.
13:47 of 3rd period - Shot by Dylan Coghlan.
13:47 of 3rd period - Shot Blocked by Kristian Reichel.
13:49 of 3rd period - Shot by Lane Pederson.
13:49 of 3rd period - Shot Misses the Net.
14:11 of 3rd period - Shot by Nikita Alexandrov.
14:11 of 3rd period - Shot Blocked by Philip Kemp.
14:30 of 3rd period - Shot by Hunter Drew.
14:30 of 3rd period - Stopped by Trent Miner without a rebound.
14:31 of 3rd period - Oskar Steen wins face-off versus Alex Turcotte in Americans zone.
14:48 of 3rd period - Shot by Sheldon Rempal.
14:48 of 3rd period - Shot Misses the Net.
14:50 of 3rd period - Shot by Sheldon Rempal.
14:50 of 3rd period - Stopped by Brandon Halverson without a rebound.
14:51 of 3rd period - Samuel Asselin wins face-off versus Josh Anderson in Roadrunners zone.
15:05 of 3rd period - Icing by Henry Thrun.
15:06 of 3rd period - Roman Ahcan wins face-off versus Martin Chromiak in Americans zone.
15:22 of 3rd period - Minor Penalty to Jeff Malott for Goalie Interference.
15:23 of 3rd period - Trey Fix-Wolansky wins face-off versus Alex Turcotte in Roadrunners zone.
15:29 of 3rd period - Icing by Dennis Cholowski.
15:30 of 3rd period - Lane Pederson wins face-off versus Alex Turcotte in Americans zone.
16:18 of 3rd period - Josh Anderson is hit by Oskar Steen and loses puck.
16:22 of 3rd period - Icing by Henry Thrun.
16:23 of 3rd period - Lane Pederson wins face-off versus Nikita Alexandrov in Americans zone.
16:36 of 3rd period - Shot by Thomas Bordeleau.
16:36 of 3rd period - Shot Misses the Net.
16:38 of 3rd period - Shot by Henry Thrun.
16:38 of 3rd period - Stopped by Brandon Halverson without a rebound.
16:39 of 3rd period - Clark Bishop wins face-off versus Nikita Alexandrov in Roadrunners zone.
16:54 of 3rd period - Shot by Thomas Bordeleau.
16:54 of 3rd period - Shot Misses the Net.
16:56 of 3rd period - Shot by Sheldon Rempal.
16:56 of 3rd period - Stopped by Brandon Halverson without a rebound.
16:57 of 3rd period - Alex Turcotte wins face-off versus Clark Bishop in Roadrunners zone.
17:01 of 3rd period - Joakim Kemell is hit by Jack Ahcan and loses puck.
17:15 of 3rd period - Minor Penalty to Dmitri Samorukov for Roughing.
17:16 of 3rd period - Lane Pederson wins face-off versus Nikita Alexandrov in Roadrunners zone.
17:49 of 3rd period - Shot by Josh Anderson.
17:49 of 3rd period - Shot Blocked by Oskar Steen.
18:42 of 3rd period - Icing by Samuel Houde.
18:43 of 3rd period - Samuel Houde wins face-off versus Lane Pederson in Americans zone.
18:52 of 3rd period - Shot by Josh Anderson.
18:52 of 3rd period - Shot Misses the Net.
18:54 of 3rd period - Shot by Samuel Houde.
18:54 of 3rd period - Stopped by Brandon Halverson without a rebound.
18:55 of 3rd period - Alex Turcotte wins face-off versus Lane Pederson in Roadrunners zone.
19:32 of 3rd period - Shot by Kristian Reichel.
19:32 of 3rd period - Deflect By Thomas Bordeleau.
19:32 of 3rd period - Stopped by Brandon Halverson without a rebound.
19:33 of 3rd period - Josh Anderson wins face-off versus Oskar Steen in Roadrunners zone.
19:56 of 3rd period - Shot by Jonathan Gruden.
19:56 of 3rd period - Shot Blocked by Oskar Steen.
Goals for this period are 0 for Americans vs 0 for Roadrunners.
Shots for this period are 15 for Americans vs 3 for Roadrunners.